 Dungeon Crawl Stone Soup version 0.21-a0-91-ga5031da (webtiles) character file.

179 Ordine the Slasher (level 5, 0/37 HPs)
             Began as an Octopode Fighter on June 30, 2017.
             Succumbed to a gnoll's poison
             ... on level 3 of the Dungeon.
             The game lasted 00:04:06 (1820 turns).

Ordine the Slasher (Octopode Fighter)               Turns: 1820, Time: 00:04:06

Health: 0/37       AC:  1    Str: 15    XL:     5   Next: 59%
Magic:  5/5        EV: 12    Int: 10    God:
Gold:   108        SH:  9    Dex: 13    Spells: 4/4 levels left

rFire    . . .     SeeInvis .   a - +0 long sword
rCold    . . .     Gourm    .   b - +0 shield
rNeg     . . .     Faith    +   (helmet restricted)
rPois    .         Spirit   .   e - amulet of faith
rElec    .         Reflect  .   (no ring)
rCorr    .         Harm     .   (no ring)
MR       .....                  (no ring)
Stlth    ++........             (no ring)
HPRegen  0.12/turn              (no ring)
MPRegen  0.09/turn              (no ring)
                                (no ring)
                                (no ring)

@: lethally poisoned (0 -> -8), berserk cooldown, slowed, very slow
A: almost no armour, stealthy swim, amphibious, 8 rings, constrict 8, camouflage
1, gelatinous body 1
a: no special abilities


You were on level 3 of the Dungeon.
You were not hungry.

You visited 1 branch of the dungeon, and saw 4 of its levels.

You collected 108 gold pieces.

Inventory:

Hand Weapons
 a - a +0 long sword (weapon)
Missiles
 f - 6 poisoned needles
 i - 47 stones (quivered)
 j - a throwing net
Armour
 b - a +0 shield (worn)
Jewellery
 e - an amulet of faith (around mantle)
Scrolls
 g - a scroll of recharging
Potions
 c - a potion of might
 k - a potion of curing
 l - a potion of cancellation {unknown}
 m - 2 potions of lignification {unknown}
 n - a potion of haste {unknown}
Comestibles
 d - 2 bread rations
 o - a meat ration


   Skills:
 + Level 3.8 Fighting
 * Level 4.3 Long Blades
 - Level 3.0 Dodging
 + Level 3.9 Shields


You had 4 spell levels left.
You didn't know any spells.

Dungeon Overview and Level Annotations

Branches:
Dungeon (4/15)
 Temple: D:4-7

Altars:
Yredelemnul


Innate Abilities, Weirdness & Mutations

You cannot wear most types of armour.
You are very stealthy in the water. (Stealth+)
You are amphibious.
You can wear up to eight rings at the same time.
You can use your tentacles to constrict eight enemies at once.
Your skin changes colour to match your surroundings (Stealth+).
Your rubbery body absorbs attacks. (AC +1, EV +1)


Message History

* * * LOW HITPOINT WARNING * * *
You feel sick. You block the gnoll's attack.
The kobold throws a stone.
The stone hits you but does no damage.
Unknown command.
You hit the gnoll. You squeeze the gnoll.
You kill the gnoll!
Unknown command.
You completely miss the kobold. Your grab misses the kobold.
You squeeze the kobold.
You kill the kobold!
* * * LOW HITPOINT WARNING * * *
You feel sick.
Unknown command.
Things that are here:
a halberd; a gnoll corpse You feel a strong urge to attack something.
You are no longer berserk.
You are exhausted.
You feel yourself slow down.
You die...

######. .#
##...... .#
#....... .#
# #.#.....
.####..
#..... .....
###### ...#
# ######..#
#
#....@..####
##
#.###))....#
###.
#(####.#
###... #†#
##..... #.#
......# ##.#
#...... #..#
##.####.
#.## #..# ##
#.# #..#####


There were no monsters in sight!

Vanquished Creatures
  Natasha (D:3)
  A worker ant zombie (D:3)
  6 gnolls (D:3)
  3 adders
  A dart slug (D:1)
  3 leopard geckos
  3 orcs
  4 ball pythons
  4 goblins
  2 hobgoblins
  7 jackals
  5 bats (D:1)
  6 frilled lizards
  7 kobolds
  6 rats
59 creatures vanquished.

Notes
Turn   | Place    | Note
-------+----------+-------------------------------------------
     0 | D:1      | Ordine the Octopode Fighter began the quest for the Orb.
     0 | D:1      | Reached XP level 1. HP: 16/16 MP: 1/1
    65 | D:1      | Reached XP level 2. HP: 20/21 MP: 2/2
   533 | D:1      | Reached XP level 3. HP: 26/26 MP: 3/3
   574 | D:2      | Found a basalt altar of Yredelemnul.
   581 | D:2      | Reached skill level 3 in Long Blades
   901 | D:2      | You fall through a shaft for 2 floors!
   918 | D:3      | Reached XP level 4. HP: 24/31 MP: 4/4
  1788 | D:3      | Noticed Natasha
  1806 | D:3      | Reached XP level 5. HP: 24/37 MP: 5/5
  1808 | D:3      | Reached skill level 4 in Long Blades
  1812 | D:3      | Killed Natasha
  1816 | D:3      | HP: 2/55 [poisoned by a gnoll]
  1820 | D:3      | Succumbed to a gnoll's poison

Vault maps used:
D:1:      minmay_arrival_doors, minmay_tree_intersection
D:2:      lemuel_crystal_altar
D:3:      lemuel_castle_with_subvaults, kennysheep_nondescript, uniq_natasha
D:4:      grunt_temple_overflow_open, lemuel_tele_altar, uniq_menkaure,
          uniq_sigmund, uniq_grinder

Skill      XL: |  1  2  3  4  5 |
---------------+----------------+-----
Long Blades    | 3 4 |  4.3
Fighting       | |  3.8
Dodging        | |  3.0
Shields        | |  3.9

Action                   |  1- 3 |  4- 6 || total
-------------------------+-------+-------++-------
Melee: Long sword        |    60 |    48 ||   108
       Constrict         |    22 |    13 ||    35
       Tentacles         |    12 |    10 ||    22
  Use: Scroll            |     2 |     2 ||     4
       Potion            |       |     2 ||     2
 Stab: Sleeping          |     9 |     2 ||    11
  Eat: Chunk             |       |     3 ||     3
Armor: Skin              |    10 |       ||    10
Dodge: Dodged            |    18 |    22 ||    40
Block: Shield            |    20 |    27 ||    47
       Rpst.: Long sword |     7 |     6 ||    13
